 Dungeon Sprint DCSS version 0.31-a0-845-g9abc20d24f (webtiles) character file.

Game seed: 13177852897278618464

48 Danienth the Protected (level 8, -2/79 HPs)
             Began as a Minotaur Fighter on Oct 2, 2023.
             Was an Initiate of Gozag.
             Slain by a ten-headed hydra (11 damage)
             ... in the Dungeon (Sprint VI: "Thunderdome").
             The game lasted 00:13:08 (438 turns).

Danienth the Protected (Minotaur Fighter)            Turns: 438, Time: 00:13:09

Health: -2/79      AC:  9    Str: 31    XL:     8   Next: 97%
Magic:  7/7        EV: 13    Int:  3    God:    Gozag
Gold:   478        SH:  8    Dex: 18    Spells: 7/7 levels left

rFire   . . .        a - +1 war axe (venom)
rCold   x . .        c - +0 buckler
rNeg    + + +        b - +0 scale mail
rPois   .            (helmet restricted)
rElec   .            (no cloak)
rCorr   .            (no gloves)
SInv    .            (no boots)
Will    ++...        r - amulet of the Devil's Team {Harm rN+++ Regen+ Str+4 Int-2} Stlth
                     o - ring of the Robin {Will+ Str+6}
HPRegen 1.13/turn    p - ring "Geskecs" {rC- rN+ Will+ Dex+6}
MPRegen 0.10/turn

%: no teleportation, harm (+30% outgoing, +20% incoming)
@: gold aura, on berserk cooldown, hasted and slowed
A: horns 2, retaliatory headbutt
a: Renounce Religion, Potion Petition, Call Merchant, Bribe Branch


You were in the Dungeon.
You worshipped Gozag.
Gozag was aware of your devotion.
You visited 1 branch You collected 883 gold pieces.
You spent 405 gold pieces at shops.

Inventory:

Hand Weapons
 a - a +1 war axe of venom (weapon)
Armour
 b - a +0 scale mail (worn)
 c - a +0 buckler (worn)
Jewellery
 o - the ring of the Robin (left hand) {Will+ Str+6}
   (You bought it in a shop in the Dungeon)

   [ring of strength]

   Str+6:     It affects your strength (+6).
   Will+:     It increases your willpower.
 p - the ring "Geskecs" (right hand) {rC- rN+ Will+ Dex+6}
   (You bought it in a shop in the Dungeon)

   [ring of dexterity]

   Dex+6:     It affects your dexterity (+6).
   rC-:       It makes you vulnerable to cold.
   rN+:       It protects you from negative energy.
   Will+:     It increases your willpower.
 r - the amulet of the Devil's Team (around neck) {Harm rN+++ Regen+ Str+4 Int-2}
   (You bought it in a shop in the Dungeon)

   [amulet of regeneration]

   Str+4:     It affects your strength (+4).
   Int-2:     It affects your intelligence (-2).
   rN+++:     It renders you almost immune to negative energy.
   Regen+:    It increases your rate of health regeneration.
   Harm:      It increases damage dealt and taken.
Wands
 l - a wand of light (5)
 m - a wand of iceblast (5)
Scrolls
 j - 4 scrolls of blinking
 n - 3 scrolls of fog
Potions
 e - a potion of curing
 f - 2 potions of heal wounds
 g - 2 potions of haste
 h - 2 potions of magic
 k - a potion of resistance


   Skills:
 - Level 9.7 Fighting
 * Level 13.0 Axes
 + Level 13.4 Armour
 + Level 4.2 Dodging
 + Level 12.6 Shields


You had 7 spell levels left.
You didn't know any spells.
Your spell library was empty.

Dungeon Overview and Level Annotations

Branches:
Dungeon (1/1)

Altars:
Cheibriados
Dithmenos
Fedhas
Gozag
Kikubaaqudgha
Makhleb
Okawaru
Qazlal
Ru
Sif Muna
Trog
Uskayaw
Vehumet
Wu Jian
Xom
Yredelemnul
Zin
The Shining One
Lugonu

Shops:
D *[=??*?*:[((!!!!


Innate Abilities, Weirdness & Mutations

You have a pair of horns on your head.
You reflexively headbutt those who attack you in melee.


Message History

You now have 478 gold pieces (gained 72).
You feel much better.
The eight-headed hydra is distracted by your dazzling golden aura.
You are too injured to fight recklessly! 50...
Cleave: a) +1 war axe (venom)
Press: ? - help, Dir - move target, f - eight-headed hydra
Aim: an eight-headed hydra (unaware, hasn't noticed you, about 17% to evade your +1 war axe of venom)
The eight-headed hydra roars!
You lop one of the eight-headed hydra's heads off!
The seven-headed hydra grows two more!
You slice the nine-headed hydra!!
The nine-headed hydra is poisoned.
The nine-headed hydra is no longer distracted by gold.
The nine-headed hydra is heavily wounded.
The nine-headed hydra bites you but does no damage.
You block the nine-headed hydra's attack. x2
The nine-headed hydra bites you!
The nine-headed hydra closely misses you.
The nine-headed hydra bites you but does no damage.
The nine-headed hydra bites you.
* * * LOW HITPOINT WARNING * * *
The nine-headed hydra barely misses you.
The nine-headed hydra misses you.
Cleave: a) +1 war axe (venom)
Press: ? - help, Dir - move target, f/p - nine-headed hydra
Aim: a nine-headed hydra (heavily wounded, very poisoned, about 17% to evade your +1 war axe of venom)
You chop one of the nine-headed hydra's heads off!
The eight-headed hydra grows two more!
You hit the ten-headed hydra. You headbutt the ten-headed hydra!
The ten-headed hydra is heavily wounded.
The ten-headed hydra bites you.
* * * LOW HITPOINT WARNING * * *
The ten-headed hydra bites you!
* * * LOW HITPOINT WARNING * * *
The ten-headed hydra bites you but does no damage.
You block the ten-headed hydra's attack.
The ten-headed hydra closely misses you. x2
The ten-headed hydra bites you!
You die...
Your body crumbles into a pile of gold.

###∩........8.# #.8........∩
##.............###...........
#⌠..........###...###........
#⌠..........# #.<.# #........
#⌠..........###...###........
##.............###...........
###∩........8.# #.8........∩
##∩___..$.D.###......__.∩#
######.8@........8.######
#⌠...........⌠#
###.........### #_......._#
#_......._# #_......._#
#∩.......∩# ##∩.....∩##
##.....##


You could see a ten-headed hydra (very poisoned).

Vanquished Creatures
  3 bog bodies (D)
  2 bullfrogs (D)
  2 necrophages (D)
  A wight (D)
  A crimson imp (D)
  2 quasits (D)
  2 white imps (D)
  An adder skeleton (D)
  A ball python zombie (D)
15 creatures vanquished.

Notes
Turn   | Place    | Note
-------+----------+-------------------------------------------
     0 | D        | Danienth the Minotaur Fighter began the quest for the Orb.
     0 | D        | Reached XP level 1. HP: 19/19 MP: 0/0
     0 | D        | Found a hide-covered altar of Uskayaw.
     3 | D        | Found an ornate altar of the Wu Jian Council.
     3 | D        | Found a basalt altar of Yredelemnul.
     4 | D        | Found a corrupted altar of Lugonu.
     4 | D        | Found a burning altar of Makhleb.
     5 | D        | Found a sacrificial altar of Ru.
     5 | D        | Round 1.
     6 | D        | Found Qimoke's Staff Store.
     6 | D        | Found Pick's Magic Scroll Shop.
     7 | D        | Found a shimmering altar of Xom.
     7 | D        | Found Weanim's Must-Have Magic.
     7 | D        | Found Sifowaj's Magic Scroll Shop.
    27 | D        | Found a glowing silver altar of Zin.
    28 | D        | Found an opulent altar of Gozag.
    28 | D        | Noticed a quasit
    29 | D        | Found Ighehint's Timeless Talismans.
    30 | D        | Found Xonics's Jewellery.
    30 | D        | Found Doum Xoumn's Advanced Armour.
    31 | D        | Found a radiant altar of Vehumet.
    31 | D        | Found a shadowy altar of Dithmenos.
    31 | D        | Found a bloodstained altar of Trog.
    31 | D        | Found Quanup's Identification Station.
    32 | D        | Killed a quasit
    33 | D        | Reached skill level 5 in Armour
    33 | D        | Reached skill level 5 in Shields
    33 | D        | Reached XP level 2. HP: 31/31 MP: 1/1
    33 | D        | Reached XP level 3. HP: 38/38 MP: 2/2
    38 | D        | Became a worshipper of Gozag Ym Sagoz the Greedy
    41 | D        | Bought a scorched tin ring for 45 gold pieces
    41 | D        | Identified the ring of the Robin {Will+ Str+6} (You bought
                  | it in a shop in the Dungeon)
    41 | D        | Bought a steaming amber ring for 45 gold pieces
    41 | D        | Identified the ring "Geskecs" {rC- rN+ Will+ Dex+6} (You
                  | bought it in a shop in the Dungeon)
    56 | D        | Found a shimmering blue altar of Sif Muna.
    56 | D        | Found an iron altar of Okawaru.
    56 | D        | Found Ruamoebri's Premium Goods.
    56 | D        | Found Kixerits's Miscellaneous Merchandise.
    57 | D        | Found Roicediu's Basic Armour.
    63 | D        | Bought a potion of heal wounds for 100 gold pieces
    63 | D        | Found Redoder's Weapon Rack.
    63 | D        | Found a glowing golden altar of the Shining One.
    63 | D        | Found a stormy altar of Qazlal.
    63 | D        | Found a snail-covered altar of Cheibriados.
    76 | D        | Found an ancient bone altar of Kikubaaqudgha.
    78 | D        | Found a blossoming altar of Fedhas.
    78 | D        | Found Hiaxzoimea's Do-It-Yourself Clinic.
    78 | D        | Found Voiruniri's Bottled Wisdom.
    79 | D        | Found Xaghien's Distillery.
    91 | D        | Reached XP level 4. HP: 42/48 MP: 3/3
   113 | D        | Found Vouprex's Distillery.
   159 | D        | Arena points: 12 (+12) [x2]
   167 | D        | Bought a scroll of brand weapon for 95 gold pieces
   168 | D        | Bought a scroll of enchant weapon for 75 gold pieces
   180 | D        | Bought an ancient brass amulet for 45 gold pieces
   180 | D        | Identified the amulet of the Devil's Team {Harm rN+++
                  | Regen+ Str+4 Int-2} (You bought it in a shop in the
                  | Dungeon)
   216 | D        | Round 2.
   226 | D        | Reached skill level 1 in Dodging
   226 | D        | Reached XP level 5. HP: 55/58 MP: 4/4
   349 | D        | Reached skill level 5 in Axes
   349 | D        | Reached XP level 6. HP: 66/66 MP: 5/5
   401 | D        | Arena points: 48 (+36) [x3]
   416 | D        | Round 3.
   417 | D        | Noticed a bog body
   418 | D        | Noticed a bog body
   420 | D        | Noticed a bog body
   423 | D        | HP: 4/99 [bog body (39)]
   424 | D        | Killed a bog body
   425 | D        | Reached skill level 10 in Shields
   425 | D        | Reached XP level 7. HP: 5/71 MP: 6/6
   426 | D        | Reached skill level 10 in Axes
   426 | D        | Noticed an eight-headed hydra
   427 | D        | Killed a bog body
   428 | D        | Reached XP level 8. HP: 5/79 MP: 7/7
   429 | D        | Killed a bog body
   438 | D        | Slain by a ten-headed hydra

Illustrated notes

Levels and vault maps discovered:
D:        arena_sprint

Skill      XL: |  1  2  3  4  5  6  7  8 |
---------------+-------------------------+-----
Fighting       | 6 7 9 |  9.7
Armour         | 5 7 8 11 12 13 | 13.4
Shields        | 5 6 7 8 10 11 12 | 12.6
Dodging        | 1 2 3 4 |  4.2
Axes           | 5 9 11 13 | 13.0

Action                     |  1- 3 |  4- 6 |  7- 9 || total
---------------------------+-------+-------+-------++-------
  Melee: War axe           |     8 |    19 |     7 ||    34
         Headbutt          |     1 |     5 |     1 ||     7
    Use: Potion            |     1 |     5 |     1 ||     7
         Scroll            |       |     2 |       ||     2
 Armour: Scale mail        |     8 |    11 |    10 ||    29
  Dodge: Dodged            |     2 |     7 |     6 ||    15
  Block: Buckler           |     3 |     3 |     4 ||    10

Table legend: (Time is in decaauts)
 A = Elapsed time spent in this place.
 B = Non-inter-level travel time spent in this place.
 C = Inter-level travel time spent in this place.
 D = Time resting spent in this place.
 E = Time spent auto-exploring this place.
 F = Levels seen in this place.
 G = Mean time per level.
                   A        B        C        D        E       F      G
               +--------+--------+--------+--------+--------+-----+--------+
         Total |    422 |    388 |     34 |    165 |     84 |   1 |  422.0 |
       Dungeon |    422 |    388 |     34 |    165 |     84 |   1 |  422.0 |
               +--------+--------+--------+--------+--------+-----+--------+

Top non-repeatable levels by time:
       D: 422 daAuts
